 Dungeon Crawl Stone Soup version 0.29-a0-923-g6e406bff71 (webtiles) character file.

Game seed: 4461467992608616005

28215 Garessta the Summoner (level 13, -1/93 HPs)
             Began as an Octopode Summoner on July 28, 2022.
             Was an Initiate of Gozag.
             Engulfed by a fire crab's flame (27 damage)
             ... in a Gauntlet.
             The game lasted 00:54:49 (14301 turns).

Garessta the Summoner (Octopode Summoner)          Turns: 14301, Time: 00:54:50

Health: -1/93      AC:  2    Str:  8    XL:     13   Next: 37%
Magic:  9/26       EV: 44    Int: 22    God:    Gozag
Gold:   1528       SH:  0    Dex: 12    Spells: 13/31 levels left

rFire   . . .      SeeInvis .   E - staff of air
rCold   . . .      Faith    .   (no shield)
rNeg    . . .      Spirit   .   M - +1 hat {Stlth+}
rPois   .          Reflect  .   F - amulet of the acrobat
rElec   +          Harm     .   o - +4 ring of evasion
rCorr   +          Rampage  .   q - +4 ring of evasion
Will    .....      NoTele   +   y - ring of resist corrosion
Stlth   ++++......              H - ring of wizardry
HPRegen 0.25/turn               O - +4 ring of evasion
MPRegen 0.20/turn               (no ring)
                                (no ring)
                                (no ring)

@: acrobatic
A: almost no armour, amphibious, 8 rings, camouflage 1, gelatinous body 1,
(nimble swimmer 1), tentacles
a: Renounce Religion, Potion Petition, Call Merchant, Bribe Branch


You were in a Gauntlet.
You worshipped Gozag.
Gozag was most pleased with you.
You visited 3 branches of the dungeon, and saw 14 of its levels.
You also visited: Sewer, Bailey and Gauntlet.

You collected 2257 gold pieces.
You paid 729 gold pieces to Gozag.

Inventory:

Hand Weapons
 k - a +2 dagger of flaming
 r - the +8 hammer "Liceasoo" {freeze, rF- rC+ Dex+4 Stlth+}
   (You found it on level 2 of the Dungeon)

   It freezes those it strikes, dealing additional cold damage.
   It can also slow down cold-blooded creatures.
   Dex:       It affects your dexterity (+4).
   rF:        It makes you vulnerable to fire.
   rC:        It protects you from cold.
   Stlth:     It makes you more stealthy.
Missiles
 c - 16 boomerangs
 I - 2 silver boomerangs
 L - 2 javelins
Armour
 M - a +1 hat of stealth (worn)
Magical Staves
 E - a staff of air (weapon)
Jewellery
 b - a +4 ring of evasion
 o - a +4 ring of evasion (left tentacle)
 q - a +4 ring of evasion (right tentacle)
 x - an amulet of magic regeneration
 y - a ring of resist corrosion (on tentacle)
 F - an amulet of the acrobat (around mantle)
 H - a ring of wizardry (on tentacle)
 O - a +4 ring of evasion (on tentacle)
Wands
 t - a wand of flame (28) (quivered)
Scrolls
 d - a scroll of silence {unknown}
 g - 4 scrolls of enchant armour
 h - a scroll of brand weapon
 j - 2 scrolls of torment
 l - 2 scrolls of vulnerability
 n - a scroll of poison
 p - 8 scrolls of teleportation
 A - a scroll of butterflies
 B - 4 scrolls of fear {unknown}
 C - a scroll of acquirement {unknown}
 G - 2 scrolls of noise {unknown}
 K - a scroll of enchant weapon {unknown}
 N - a scroll of amnesia {unknown}
Potions
 a - 3 potions of magic
 e - 6 potions of curing {unknown}
 f - 4 potions of haste
 i - a potion of ambrosia {unknown}
 m - 2 potions of flight {unknown}
 s - 2 potions of heal wounds
 v - 4 potions of mutation {unknown}
 w - 4 potions of attraction {unknown}
 z - 2 potions of brilliance {unknown}
 P - 2 potions of lignification {unknown}
Miscellaneous
 J - a box of beasts (inert)


   Skills:
 + Level 10.6 Fighting
 + Level 10.9 Dodging
 - Level 2.6 Stealth
 + Level 9.9 Spellcasting
 + Level 5.1 Hexes
 - Level 11.2 Summonings
 + Level 0.6 Transmutations
 - Level 7.0 Air Magic


You had 13 spell levels left.
You knew the following spells:

 Your Spells              Type           Power      Damage    Failure   Level
a - Call Canine Familiar  Summ           57%        N/A       1%          3
b - Summon Guardian Gole  Hex/Summ       46%        N/A       1%          3
c - Summon Lightning Spi  Summ/Air       66%        N/A       1%          4
d - Call Imp              Summ           57%        N/A       1%          2
e - Summon Small Mammal   Summ           100%       N/A       1%          1
f - Yara's Violent Unrav  Hex/Tmut       11%        3d6       21%         5

Your spell library contained the following spells:

 Spells                   Type           Power      Damage    Failure   Level
 Confusing Touch          Hex            33%        N/A       1%          3
 Sublimation of Blood     Necr           10%        N/A       4%          2
 Gell's Gravitas          Tloc           10%        N/A       8%          3
 Lesser Beckoning         Tloc           10%        N/A       8%          3
 Teleport Other           Tloc           10%        N/A       8%          3
 Petrify                  Tmut/Erth      12%        N/A       21%         4
 Irradiate                Conj/Tmut      6%         3d13      50%         5
 Summon Horrible Things   Summ           28%        N/A       82%         8
 Malign Gateway           Summ/Tloc      17%        N/A       87%         7
 Enfeeble                 Hex            16%        N/A       91%         7


Dungeon Overview and Level Annotations

Branches:
Dungeon (10/15)            Temple (1/1) D:5            Lair (3/5) D:8
 Spider (0/4) Lair:2          Orc (0/2) D:9           Sewer (visited)
 Bailey (visited)         Gauntlet (1/1)
  Swamp: Lair:2-3    Shoals: Lair:2-3

Altars:
Ashenzari
Cheibriados
Dithmenos
Elyvilon
Fedhas
Gozag
Hepliaklqana
Kikubaaqudgha
Makhleb
Nemelex Xobeh
Okawaru
Qazlal
Ru
Sif Muna
Trog
Uskayaw
Vehumet
Wu Jian
Xom
Yredelemnul
Zin
The Shining One

Shops:
Lair:1 :

Annotations:
D:4 dig vault Gauntlet 7 transporters, 2 runed translucent doors, exclusion: oklob plant


Innate Abilities, Weirdness & Mutations

You cannot wear most types of armour.
You are amphibious.
You can wear up to eight rings at the same time.
Your skin changes colour to match your surroundings (Stealth+).
Your rubbery body absorbs attacks. (AC +1, EV +1)
((You are camouflaged when in or above water. (Stealth+)))
You have tentacles for arms and can constrict up to eight enemies at once.


Message History

A blast of flame appears from out of your range of vision.
The blast of flame engulfs your wolf.
Your wolf is engulfed in blazing flames.
Unknown command.
You are engulfed in blazing flames.
* * * LOW HITPOINT WARNING * * *
The redback is distracted by your dazzling golden aura.
Your wolf is engulfed in blazing flames.
Your wolf dies!
Your wolf's corpse disappears in a puff of smoke!
You hear an explosion!
You see here 7 gold pieces.
Unknown command.
You feel much better.
You are engulfed in blazing flames.
* * * LOW HITPOINT WARNING * * *
There is a transporter landing site here.
You start resting.
A fire crab is nearby!
You start resting.
A fire crab is nearby!
You feel much better. The fire crab breathes flames at you.
The blast of flame misses you.
You are engulfed in blazing flames.
* * * LOW HITPOINT WARNING * * *
The fire crab attacks as you move away! The fire crab completely misses you. x2
Your warg is engulfed in blazing flames.
Your warg bites the fire crab!
The fire crab closely misses your warg. The fire crab claws your warg!
Your warg is engulfed in flames!
Your warg dies!
Your warg's corpse disappears in a puff of smoke!
As you read the scroll of butterflies, it crumbles to dust.
You hear the tinkle of a tiny bell.
The fire crab breathes flames at you.
The blast of flame engulfs your butterfly!
Your butterfly dies!
Your butterfly disappears in a burst of colours!
You swap places.
You are engulfed in blazing flames.
You die...
Your body crumbles into a pile of gold.

##......#©#......#.."©
#≈......#©#......#####
##..###########.....#©
#≈..#.........#.....#©
##..#.#t....#.#..#####
#≈..#b##.○.##.#..##.#s
##..#bb##.##..#..#s#.#
#≈..#bb☼t©....#..##.#.
##..#@b#####^.#..#y#©#
#≈..#b##...##$#..##.#.
##..#.#..$.$#.#..#s#[#
#§..#....©$.$.#..##}#©
##..###########..#####
#≈..............∩.....
##....................
##≈#≈#≈#≈#≈########≈#
###########.©..©.###


You could see a fire crab (ally target).

Vanquished Creatures
  A yak (Lair:1)
  A hell hound (Gauntlet)
  Pargi (Sewer)
  A wolf (Gauntlet)
  A phantom (D:6)
  A bullfrog (D:8)
  A scorpion (D:7)
  A jelly (D:8)
  An adder (D:4)
  A gnoll (D:7)
  An endoplasm (D:3)
  4 giant cockroaches (D:4)
  A goblin (D:2)
  2 hobgoblins (D:1)
  3 jackals (D:1)
  5 quokkas
  3 ball pythons
  7 bats
  A frilled lizard (D:1)
  A kobold (D:2)
  5 rats
43 creatures vanquished.

Vanquished Creatures (collateral kills)
  Gastronok (D:8)
  A hydra (Lair:1)
  A skeletal warrior (D:7)
  A lindwurm (Lair:2)
  An ugly thing (D:7)
  2 slime creatures (Gauntlet)
  3 black mambas
  4 cane toads
  Maggie (D:6)
  2 rime drakes
  A komodo dragon (Lair:2)
  2 kobold demonologists
  A hornet (D:7)
  A polar bear (Lair:1)
  A troll (D:7)
  11 blink frogs (Lair:1)
  4 fire bats (Gauntlet)
  11 yaks
  A basilisk (Lair:2)
  2 wyverns (Lair:1)
  3 steam dragons
  2 acid dragons (D:8)
  2 hell hounds (Gauntlet)
  7 water moccasins
  4 orc warriors
  A sky beast (D:7)
  3 ogres
  2 centaurs (D:9)
  9 wolves
  2 lemures (D:4)
  2 kobold brigands
  2 bullfrogs
  A gnoll sergeant (D:9)
  A necrophage (D:7)
  A scorpion (D:6)
  6 wights
  2 killer bees (D:9)
  A howler monkey (D:8)
  4 jellies
  2 hounds
  4 orc priests
  2 gnoll boudas (D:7)
  2 iguanas
  6 orc wizards
  7 hell rats (Lair:2)
  8 adders
  13 gnolls
  A river rat (D:4)
  A white imp (D:7)
  An ufetubus (D:5)
  2 worms
  3 dart slugs
  31 orcs
  6 bats
  4 endoplasms
  A giant cockroach (D:2)
  6 hobgoblins
  A jackal (D:1)
  21 kobolds
  A quokka (D:1)
  A ball python (D:3)
  5 goblins
  6 rats
242 creatures vanquished.

Vanquished Creatures (others)
  An orc warlord (Bailey)
  A boulder beetle (Lair:1)
  A two-headed ogre (D:7)
  An orc knight (Bailey)
  Pikel (D:5)
  A cane toad (Lair:1)
  2 komodo dragons
  A polar bear (Lair:2)
  Sigmund (D:2)
  6 yaks
  A steam dragon (D:5)
  Edmund (D:4)
  2 water moccasins
  2 orc warriors
  3 black bears
  An ogre (D:5)
  A wolf (Gauntlet)
  2 lemures (D:4)
  A necrophage (D:8)
  2 scorpions
  3 wights
  Crazy Yiuf (D:2)
  A gnoll (Bailey)
  An adder (D:5)
  2 orcs
  A hobgoblin (Bailey)
  A kobold (D:4)
  14 fungi
  21 plants
  14 withered plants (Gauntlet)
91 creatures vanquished.

Grand Total: 376 creatures vanquished

Notes
Turn   | Place    | Note
-------+----------+-------------------------------------------
     0 | D:1      | Garessta the Octopode Summoner began the quest for the Orb.
     0 | D:1      | Reached XP level 1. HP: 11/11 MP: 3/3
   100 | D:1      | Found a faded altar of an unknown god.
   395 | D:1      | Reached XP level 2. HP: 17/17 MP: 0/5
   401 | D:1      | Learned a level 2 spell: Call Imp
  1010 | D:1      | Reached XP level 3. HP: 14/21 MP: 6/6
  1249 | D:1      | Learned a level 3 spell: Call Canine Familiar
  1832 | D:2      | Found a runed translucent door.
  1833 | D:2      | Noticed Crazy Yiuf
  1834 | D:2      | Noticed Sigmund
  1835 | D:2      | Identified the +8 hammer "Liceasoo" {freeze, rF- rC+ Dex+4
                  | Stlth+}
  2067 | D:3      | Reached XP level 4. HP: 27/27 MP: 4/8
  2465 | D:3      | Found a snail-covered altar of Cheibriados.
  3027 | D:4      | Reached skill level 5 in Summonings
  3081 | D:4      | Noticed a lemure
  3081 | D:4      | Noticed a lemure
  3088 | D:4      | Learned a level 3 spell: Summon Guardian Golem
  3093 | D:4      | Noticed a lemure
  3093 | D:4      | Noticed a lemure
  3093 | D:4      | Noticed Pikel
  3105 | D:4      | Killed a lemure
  3165 | D:4      | Reached XP level 5. HP: 21/31 MP: 5/10
  3170 | D:4      | Found a glowing drain.
  3261 | Sewer    | Entered a sewer
  3306 | Sewer    | Noticed Pargi
  3353 | Sewer    | Killed Pargi
  3354 | Sewer    | Reached skill level 1 in Hexes
  3354 | Sewer    | Reached XP level 6. HP: 36/36 MP: 1/11
  3621 | D:4      | Noticed Edmund
  3646 | D:4      | Killed Edmund
  3978 | D:4      | Reached skill level 6 in Summonings
  3978 | D:4      | Reached XP level 7. HP: 41/41 MP: 8/13
  4547 | D:2      | Learned a level 4 spell: Summon Lightning Spire
  4580 | D:2      | Killed Crazy Yiuf
  4586 | D:2      | Killed Sigmund
  4587 | D:2      | Reached skill level 1 in Air Magic
  4888 | D:5      | Entered Level 5 of the Dungeon
  4893 | D:5      | Found a bloodstained altar of Trog.
  4942 | D:5      | Noticed a steam dragon
  4951 | D:5      | Killed a steam dragon
  4952 | D:5      | Reached skill level 5 in Spellcasting
  4952 | D:5      | Reached XP level 8. HP: 46/46 MP: 15/15
  4994 | D:5      | Killed Pikel
  4995 | D:5      | Reached skill level 7 in Summonings
  5289 | D:5      | Found an ancient bone altar of Kikubaaqudgha.
  5356 | D:5      | Found a broken altar of Ashenzari.
  5640 | D:5      | Found a staircase to the Ecumenical Temple.
  5862 | D:6      | Reached skill level 5 in Hexes
  5929 | D:6      | Reached XP level 9. HP: 51/51 MP: 16/18
  6019 | D:6      | Noticed Maggie
  6516 | Temple   | Entered the Ecumenical Temple
  7131 | D:7      | Found a sparkling altar of Nemelex Xobeh.
  7131 | D:7      | Found an opulent altar of Gozag.
  7137 | D:7      | Became a worshipper of Gozag Ym Sagoz the Greedy
  7226 | D:7      | Found a flagged portal.
  7235 | D:7      | Reached skill level 8 in Summonings
  7252 | Bailey   | Entered a bailey
  7265 | Bailey   | Reached skill level 5 in Air Magic
  7282 | Bailey   | Noticed an orc warlord
  7372 | Bailey   | Noticed an orc knight
  7393 | Bailey   | Killed an orc knight
  7394 | Bailey   | Reached skill level 1 in Fighting
  7521 | Bailey   | Found a runed translucent gate.
  7521 | Bailey   | Found a runed translucent gate.
  7521 | Bailey   | Found a runed translucent gate.
  7774 | Bailey   | Killed an orc warlord
  7775 | Bailey   | Reached XP level 10. HP: 63/63 MP: 3/20
  7847 | D:7      | Reached XP level 11. HP: 77/77 MP: 21/21
  8663 | D:7      | Noticed a two-headed ogre
  8666 | D:7      | Noticed a skeletal warrior
  8666 | D:7      | Noticed a purple ugly thing
  8673 | D:7      | Killed a two-headed ogre
  8674 | D:7      | Reached skill level 9 in Summonings
  8679 | D:7      | Killed a skeletal warrior
  8683 | D:7      | Killed a purple ugly thing
  8741 | D:7      | Identified the +1 scale mail "Deoguree" {Harm rF+ rC-}
  8930 | D:6      | Killed Maggie
  9549 | D:8      | Found a staircase to the Lair.
  9807 | D:8      | Noticed Gastronok
  9819 | D:8      | Killed Gastronok
  9820 | D:8      | Reached XP level 12. HP: 84/84 MP: 24/24
 10101 | D:9      | Found a staircase to the Orcish Mines.
 10426 | D:9      | Paralysed by a floating eye for 3 turns
 10433 | D:10     | Entered Level 10 of the Dungeon
 10757 | Lair:1   | Entered Level 1 of the Lair of Beasts
 11039 | Lair:1   | Reached skill level 10 in Summonings
 11071 | Lair:1   | Noticed a four-headed hydra
 11075 | Lair:1   | Killed a four-headed hydra
 11302 | Lair:1   | Noticed a boulder beetle
 11355 | Lair:1   | Killed a boulder beetle
 11356 | Lair:1   | Reached skill level 10 in Dodging
 11856 | Lair:1   | Reached skill level 10 in Fighting
 12363 | Lair:2   | Reached XP level 13. HP: 92/92 MP: 19/26
 12680 | Lair:2   | Reached skill level 11 in Summonings
 13197 | Lair:2   | Found a hole to the Spider Nest.
 13570 | Lair:3   | Found a gate leading to a gauntlet.
 13582 | Gauntlet | Entered a Gauntlet
 13582 | Gauntlet | Found a transporter.
 13582 | Gauntlet | Found a runed translucent door.
 13582 | Gauntlet | Found a runed translucent door.
 13582 | Gauntlet | Found a transporter.
 13592 | Gauntlet | Found a transporter.
 13595 | Gauntlet | Found a transporter.
 13606 | Gauntlet | Found a transporter.
 13611 | Gauntlet | Found a transporter.
 13615 | Gauntlet | Found a transporter.
 13632 | Gauntlet | Found a transporter.
 13638 | Gauntlet | Found a transporter.
 13640 | Gauntlet | Found a transporter.
 13650 | Gauntlet | Found a transporter.
 13653 | Gauntlet | Found a transporter.
 14233 | Gauntlet | Learned a level 5 spell: Yara's Violent Unravelling
 14301 | Gauntlet | Engulfed by a fire crab's flame

Illustrated notes

Levels and vault maps discovered:
D:1:      wander_arrival_fairy_ring, layout_basic, basic_ecumenical_altar,
          serial_bayou_lagoon_b
D:2:      layout_rooms, minmay_misc_feat_chi, uniq_crazy_yiuf_cottage,
          uniq_sigmund
D:3:      layout_basic, kennysheep_slug_shrine, grunt_ministairs_6
D:4:      layout_loops_ring, gup_sewer_entry_spiral, serial_glass,
          glass_columns_a, glass_columns_b, minmay_strange_pillars,
          due_unseen_surprise, item_on_display_b, uniq_pikel, uniq_edmund
D:5:      layout_basic, lemuel_round_altar, mainiacjoe_overflow_catch_the_wave,
          minmay_temple_entry_from_below_a
D:6:      layout_basic, uniq_maggie
D:7:      minmay_the_grid_triangle_9x9_rhombus_full
          [minmay_the_grid_triangle_9x9_empty,
          minmay_the_grid_triangle_9x9_zippers_vertical,
          minmay_the_grid_triangle_9x9_corrupted_corridor,
          minmay_the_grid_triangle_9x9_sprig,
          minmay_the_grid_triangle_9x9_stretched_checkered,
          minmay_the_grid_triangle_9x9_descending_squares,
          minmay_the_grid_triangle_9x9_empty,
          minmay_the_grid_triangle_9x9_prize_insulated], layout_rooms,
          grunt_temple_overflow_opulence, enter_bailey_7
D:8:      layout_rooms, dpeg_oklobed_lair, minmay_stone_trees_small,
          minmay_checkerbox, uniq_gastronok
D:9:      corexii_shack_village, layout_basic, david_orc_5, grunt_ogre_cave,
          onia_ninara_cookie
D:10:     layout_gridville
Temple:   lightli_temple_of_artemis
Lair:1:   layout_cave_shapes, grunt_megastairs_4
Lair:2:   layout_regular_city, dummy_spider_entry, infiniplex_staircase_pool_2
Lair:3:   layout_cave_pods, nicolae_swamp_entry_splash_gauntlet,
          gauntlet_entry_generic, lemuel_oklob_altar, uniq_amaemon
Gauntlet: minmay_gauntlet_mixed_big_or_small
          [gammafunk_gauntlet_arena_arrow_garden,
          minmay_gauntlet_arena_77_shame_cube, nicolae_gauntlet_arena_t_cross,
          minmay_gauntlet_arena_77_two_lines, gammafunk_gauntlet_arena_split_x,
          minmay_gauntlet_arena_77_checkered, gauntlet_exit_watery]

Skill      XL: |  1  2  3  4  5  6  7  8  9 10 11 12 13 |
---------------+----------------------------------------+-----
Spellcasting   | 3 4 5 6 7 8 9 |  9.9
Summonings     | 5 6 7 8 9 10 11 | 11.2
Hexes          | 1 2 3 5 |  5.1
Air Magic      | 2 4 6 7 |  7.0
Fighting       | 3 7 8 10 | 10.6
Dodging        | 3 8 9 10 | 10.9
Stealth        | |  2.6
Transmutations | |  0.6

Action                   |  1- 3 |  4- 6 |  7- 9 | 10-12 | 13-15 || total
-------------------------+-------+-------+-------+-------+-------++-------
Melee: Staff             |     5 |       |       |    17 |    12 ||    34
       Constrict         |    12 |     5 |     2 |     6 |     2 ||    27
       Unarmed           |     2 |       |       |       |       ||     2
       Tentacles         |     7 |     5 |     1 |     4 |     5 ||    22
       Dagger            |    35 |    33 |     4 |       |       ||    72
       Punch             |       |       |       |     1 |     1 ||     2
       Mace              |       |       |       |       |     3 ||     3
 Cast: Summon Small Mamm |    13 |     3 |     2 |       |       ||    18
       Call Imp          |     5 |    11 |     6 |       |       ||    22
       Call Canine Famil |     4 |    20 |    27 |    41 |    17 ||   109
       Summon Guardian G |       |     4 |    32 |    53 |    20 ||   109
       Summon Lightning  |       |       |    15 |    59 |    18 ||    92
Invok: Call Merchant     |       |       |       |     1 |       ||     1
Evoke: Wand              |       |     5 |       |     1 |     2 ||     8
       Box of beasts     |       |       |       |       |     1 ||     1
  Use: Scroll            |       |     8 |     2 |     1 |     1 ||    12
       Potion            |       |       |     1 |     1 |     8 ||    10
 Stab: Sleeping          |    13 |     7 |       |     1 |       ||    21
       Distracted        |       |       |       |       |     1 ||     1
Armor: Skin              |     4 |     3 |     1 |     1 |     4 ||    13
Dodge: Dodged            |    25 |    45 |    12 |    59 |    89 ||   230

Table legend: (Time is in decaauts)
 A = Elapsed time spent in this place.
 B = Non-inter-level travel time spent in this place.
 C = Inter-level travel time spent in this place.
 D = Time resting spent in this place.
 E = Time spent auto-exploring this place.
 F = Levels seen in this place.
 G = Mean time per level.
                   A        B        C        D        E       F      G
               +--------+--------+--------+--------+--------+-----+--------+
         Total |  14276 |  13456 |    820 |   1549 |   8475 |  17 |  839.8 |
       Dungeon |   9840 |   9097 |    743 |    815 |   6095 |  10 |  984.0 |
        Temple |    108 |     96 |     12 |      0 |     85 |   1 |  108.0 |
          Lair |   2827 |   2762 |     65 |    412 |   1716 |   3 |  942.3 |
         Sewer |    212 |    212 |      0 |      0 |    115 |   1 |  212.0 |
        Bailey |    580 |    580 |      0 |     26 |    276 |   1 |  580.0 |
      Gauntlet |    706 |    706 |      0 |    296 |    188 |   1 |  706.0 |
               +--------+--------+--------+--------+--------+-----+--------+

Top non-repeatable levels by time:
  Lair:1: 1599 daAuts
     D:6: 1307 daAuts
     D:4: 1299 daAuts
     D:1: 1250 daAuts
  Lair:2: 1216 daAuts
     D:2: 1181 daAuts
     D:7: 1179 daAuts
     D:5: 945 daAuts
     D:8: 943 daAuts
     D:3: 941 daAuts
Gauntlet: 706 daAuts
  Bailey: 580 daAuts
     D:9: 531 daAuts
    D:10: 261 daAuts
   Sewer: 212 daAuts
